 Dungeon Crawl Stone Soup version 0.27.1-33-g824d729ab1 (webtiles) character file.

Game seed: 7102279200549643621

487 styxcanada the Covert (level 6, -11/32 HPs)
             Began as a Spriggan Brigand on Nov 30, 2021.
             Killed from afar by Blork the orc (13 damage)
             ... with a puff of frost
             ... on level 5 of the Dungeon.
             The game lasted 00:21:37 (5843 turns).

styxcanada the Covert (Spriggan Brigand)            Turns: 5843, Time: 00:21:37

Health: -11/32     AC:  3    Str:  7    XL:     6   Next: 89%
Magic:  18/18      EV: 18    Int: 12    God:
Gold:   62         SH:  0    Dex: 19    Spells: 7/8 levels left

rFire    . . .     SeeInvis +   o - +1 short sword (speed)
rCold    . . .     Faith    .   (shield restricted)
rNeg     . . .     Spirit   .   b - +0 robe
rPois    .         Reflect  .   (helmet restricted)
rElec    .         Harm     .   c - +0 cloak
rCorr    .         Rampage  .   (gloves unavailable)
Will     +....                  (boots unavailable)
Stlth    ++++......             (no amulet)
HPRegen  0.10/turn              f - ring of flight
MPRegen  0.16/turn              h - ring of magical power

@: flying, very quick
A: very small, no large weapons, unfitting armour, see invisible, speed 3
a: no special abilities


You were on level 5 of the Dungeon.
You visited 1 branch of the dungeon, and saw 5 of its levels.

You collected 131 gold pieces.
You spent 69 gold pieces at shops.

Inventory:

Hand Weapons
 a - a +2 dagger
 e - a +1 hunting sling of flaming
 o - a +1 short sword of speed (weapon)
Missiles
 d - 3 poisoned darts (quivered)
 l - 35 sling bullets
 p - 65 stones
 q - 2 curare-tipped darts
Armour
 b - a +0 robe (worn)
 c - a +0 cloak (worn)
Jewellery
 f - a ring of flight (left hand)
 h - a ring of magical power (right hand)
Wands
 n - a wand of polymorph (4)
Scrolls
 i - 2 scrolls of fog
 j - a scroll of immolation
 r - a scroll of torment {unknown}
 t - a scroll of fear {unknown}
 u - a scroll of amnesia {unknown}
Potions
 g - a potion of berserk rage
 m - a potion of curing
 s - a potion of might
 v - a potion of resistance
 x - a potion of mutation {unknown}


   Skills:
 * Level 2.6 Fighting
 + Level 3.2 Short Blades
 + Level 1.8(3.0) Slings
 + Level 3.0(3.2) Throwing
 * Level 3.5 Dodging
 * Level 9.1 Stealth
 * Level 1.5 Spellcasting
 * Level 1.5 Evocations


You had 7 spell levels left.
You knew the following spells:

 Your Spells              Type           Power      Damage    Failure   Level
a - Shock                 Conj/Air       0%         1d3       28%         1

Your spell library contained the following spells:

 Spells                   Type           Power      Damage    Failure   Level
 Swiftness                Air            0%         N/A       65%         3
 Airstrike                Air            0%         N/A       96%         4
 Olgreb's Toxic Radiance  Pois           0%         N/A       96%         4
 Ozocubu's Refrigeration  Ice            0%         4d5       100%        7
 Ignition                 Fire           0%         3d3       100%        8


Dungeon Overview and Level Annotations

Branches:
Dungeon (5/15)
 Temple: D:4-7

Altars:
Ashenzari

Shops:
D:4 *

Annotations:
D:4 Dowan
D:5 Blork the orc


Innate Abilities, Weirdness & Mutations

You are very small and have problems with some larger weapons.
You are too small for most types of armour.
You have supernaturally acute eyesight. (SInv)
You cover ground extremely quickly. (Speed+++)


Message History

The hound skeleton bites you.
You hit the hound skeleton.
The hound skeleton is severely damaged.
The hound skeleton completely misses you.
You hit the hound skeleton.
The hound skeleton is almost destroyed.
You barely miss the hound skeleton.
The hound skeleton is almost destroyed.
The hound skeleton barely misses you.
You hit the hound skeleton.
The hound skeleton is almost destroyed.
The hound skeleton misses you.
You barely miss the hound skeleton.
The hound skeleton is almost destroyed.
The hound skeleton bites you.
You hit the hound skeleton.
You destroy the hound skeleton!
Found 8 gold pieces.
Blork the orc comes into view.
He is wielding a +0 short sword.
You see here 9 stones.
Blork the orc shouts!
Blork the orc points at you and mumbles some strange words.
The puff of flame hits you!
You hit Blork the orc.
Blork the orc is lightly wounded.
Unknown command.
Blork the orc casts a spell.
Blork the orc seems to speed up.
You see here 9 stones.
p - 65 stones (gained 9) Blork the orc screams, "I'll eat your brain!
And then I'll vomit it back up!"
Blork the orc gestures at you while chanting.
The puff of frost hits you!
* * * LOW HITPOINT WARNING * * *
Blork the orc points at you and mumbles some strange words.
The puff of flame hits you!
* * * LOW HITPOINT WARNING * * *
Blork the orc gestures at you while chanting.
The puff of frost hits you!
You die...

...#
.....$....#
###. #...# #
#...#
.###.##...###
.......o....#
.....##...#.#
.### #...#.#
..# #...# # ###
#.# #@..# ..#
#.#.######...#
#.#
#.#......>...#
#.# #.#
######.#.# ..#
#.# #...[.# ###
##.######.....#
#
#.............#
#
#..######.....#
######..#
#.....#


You could see Blork the orc (fast).

Vanquished Creatures
  Duvessa (D:4)
  A bullfrog zombie (D:5)
  A hound (D:5)
  A gnoll shaman (D:3)
  3 hound skeletons
  Robin (D:3)
  5 adders
  8 gnolls
  3 worms
  A dart slug (D:3)
  11 orcs
  7 bats
  6 endoplasms
  3 giant cockroaches
  5 hobgoblins
  3 jackals (D:1)
  2 quokkas
  8 ball pythons
  3 frilled lizards
  18 goblins
  4 kobolds
  7 rats
102 creatures vanquished.

Notes
Turn   | Place    | Note
-------+----------+-------------------------------------------
     0 | D:1      | styxcanada the Spriggan Brigand began the quest for the
                  | Orb.
     0 | D:1      | Reached XP level 1. HP: 10/10 MP: 2/2
    30 | D:1      | Reached skill level 6 in Stealth
   269 | D:1      | Reached XP level 2. HP: 15/15 MP: 3/3
  1308 | D:2      | Found a faded altar of an unknown god.
  1428 | D:2      | Reached skill level 7 in Stealth
  1436 | D:2      | Reached XP level 3. HP: 18/18 MP: 4/4
  1667 | D:2      | Reached XP level 4. HP: 23/23 MP: 5/5
  2236 | D:3      | Reached skill level 8 in Stealth
  2307 | D:3      | Reached XP level 5. HP: 18/26 MP: 6/6
  2440 | D:3      | Identified the -5 helmet "Cutiumag" {+Inv rElec Str+2}
  2440 | D:3      | Noticed Robin
  2497 | D:3      | Killed Robin
  4509 | D:4      | Found a broken altar of Ashenzari.
  4907 | D:4      | Reached XP level 6. HP: 29/31 MP: 7/7
  5152 | D:4      | Found Niucram's Assorted Antiques.
  5179 | D:4      | Bought a scroll labelled RIXOIN CYFYEFE for 23 gold pieces
  5179 | D:4      | Bought a scroll labelled APEMUS ERAPH for 23 gold pieces
  5179 | D:4      | Bought a scroll labelled LUTZEO FYEM for 23 gold pieces
  5195 | D:4      | Noticed Duvessa
  5196 | D:4      | Noticed Dowan
  5276 | D:4      | Killed Duvessa
  5277 | D:4      | Reached skill level 1 in Slings
  5277 | D:4      | Reached skill level 9 in Stealth
  5277 | D:4      | Reached skill level 1 in Spellcasting
  5279 | D:4      | Learned a level 1 spell: Shock
  5389 | D:4      | Reached skill level 1 in Evocations
  5523 | D:5      | Entered Level 5 of the Dungeon
  5829 | D:5      | Noticed Blork the orc
  5843 | D:5      | Killed from afar by Blork the orc

Illustrated notes

Levels and vault maps discovered:
D:1:      lightli_arrival_isolated_outpost, layout_basic, minmay_misc_feat_roman
D:2:      layout_loops_ring, ebering_ecumenical_altar_box
D:3:      layout_basic, kennysheep_generic_room_5, uniq_robin
D:4:      layout_loops_cross, ashenzari_altar_1, serial_shops,
          nicolae_diamond_shop, uniq_duvessa
D:5:      layout_loops_ring, amethyst_overflow_temple_binary,
          minmay_temple_entry_slanted, minmay_manual_mullet, uniq_blork_the_orc

Skill      XL: |  1  2  3  4  5  6 |
---------------+-------------------+-----
Stealth        | 6 7 8 9 |  9.1
Dodging        | 2 3 |  3.5
Fighting       | 2 |  2.6
Short Blades   | 3 |  3.2
Throwing       | 3 |  3.0
Slings         | 1 |  1.8
Spellcasting   | 1 |  1.5
Evocations     | 1 |  1.5

Action                   |  1- 3 |  4- 6 || total
-------------------------+-------+-------++-------
Melee: Dagger            |    72 |    70 ||   142
       Short sword       |       |   149 ||   149
 Fire: Hunting sling     |       |    43 ||    43
Throw: Dart              |    13 |    50 ||    63
       Throwing net      |     1 |       ||     1
       Stone             |       |     6 ||     6
  Use: Scroll            |       |     9 ||     9
       Potion            |       |     1 ||     1
 Stab: Sleeping          |     9 |    20 ||    29
Armor: Robe              |    15 |    17 ||    32
Dodge: Dodged            |    51 |   115 ||   166
